 Dungeon Crawl Stone Soup version 0.18.1-6-gd335043 (webtiles) character file.

182 Chaotic the Firebug (level 5, -5/31 HPs)
             Began as a High Elf Fire Elementalist on May 17, 2016.
             Slain by a goblin
             ... wielding a +0 club
              (6 damage)
             ... on level 3 of the Dungeon on May 18, 2016.
             The game lasted 00:06:20 (2876 turns).

Chaotic the Firebug (High Elf Fire Elementalist)    Turns: 2876, Time: 00:06:21

Health: -5/31      AC:  4    Str:  7    XL:     5   Next: 35%
Magic:  0/11       EV: 14    Int: 20    God:
Gold:   104        SH:  0    Dex: 19    Spells: 3 memorised, 4 levels left

rFire  . . .     SeeInvis .     d - +0 short sword
rCold  . . .     Gourm    .     a - +0 robe
rNeg   . . .     Faith    .     (no shield)
rPois  .         Spirit   .     o - +2 hat
rElec  .         Dismiss  .     (no cloak)
rCorr  +         Reflect  .     (no gloves)
SustAt .         Harm     .     (no boots)
MR     .....                    m - amulet of rage {+Rage, !d}
Stlth  ++........               e - +4 ring of dexterity
                                j - ring of resist corrosion

@: not resistant to hostile enchantments, unstealthy
A: no striking features
a: Evoke Berserk Rage


You were on level 3 of the Dungeon.
You were not hungry.

You visited 1 branch of the dungeon, and saw 3 of its levels.

You collected 104 gold pieces.

Inventory:

Hand Weapons
 d - a +0 short sword (weapon)
   (You took it off a kobold on level 1 of the Dungeon)
Armour
 a - a +0 robe (worn)
 o - a +2 hat (worn)
   (You found it on level 2 of the Dungeon)
Jewellery
 e - a +4 ring of dexterity (right hand)
   (You found it on level 1 of the Dungeon)
 j - a ring of resist corrosion (left hand)
   (You found it on level 1 of the Dungeon)
 m - an amulet of rage (around neck) {+Rage, !d}
   (You found it on level 3 of the Dungeon)
Scrolls
 p - a scroll of amnesia {unknown}
 q - a scroll of teleportation {unknown}
Potions
 f - a potion of haste {unknown}
 g - a potion of agility {unknown}
 h - a potion of heal wounds {unknown}
 l - a potion of curing {unknown}
Books
 b - a book of Flames
Comestibles
 c - a bread ration {@e1}
 i - 2 fruits
 n - a slice of pizza


   Skills:
 + Level 3.4 Dodging
 - Level 2.1 Stealth
 + Level 3.8 Spellcasting
 + Level 3.1 Conjurations
 + Level 3.9 Fire Magic


You had 4 spell levels left.
You knew the following spells:

 Your Spells              Type           Power        Failure   Level  Hunger
a - Flame Tongue          Conj/Fire      ###..        2%          1    None
b - Inner Flame           Hex/Fire       ##......     21%         3    ###....
c - Conjure Flame         Conj/Fire      ###.....     10%         3    ###....


Dungeon Overview and Level Annotations

Branches:
Dungeon (3/15)

Altars:
Sif Muna
Zin


Message History

Memorise Inner Flame, consuming 3 spell levels and leaving 4?
You start memorising the spell.
You continue memorising. x3
You finish memorising.
Spell assigned to 'b'.
You see here a ring mail.
An adder comes into view.
The gnoll shouts! x2; You hear a shout!
The adder bites you.
You hear a shout!
You take 3 damage, and have 28/31 hp.
You closely miss the adder. The adder bites you but does no damage.
A bat comes into view.
There are monsters nearby!
You hit the adder. The adder misses you.
Aim: an adder (moderately wounded)
The flame tongue hits the adder.
The adder closely misses you. The adder barely misses you.
You now have 10/11 mp.
The fire roars!
The adder barely misses you.
You now have 7/11 mp.
The adder barely misses you.
Aim: an adder (heavily wounded)
You can't place the cloud on a creature.
Aim: an adder (heavily wounded)
You can't place the cloud on a creature.
Aim: an adder (heavily wounded)
The flame tongue hits the adder.
The adder bites you but does no damage.
You now have 6/11 mp.
Aim: an adder (heavily wounded)
The flame tongue hits the adder.
The adder closely misses you.
You now have 5/11 mp.
Aim: an adder (severely wounded)
The flame tongue hits the adder.
You kill the adder!
You now have 4/11 mp.
Aim: a gnoll, wielding a rapier The flame tongue hits the gnoll.
The gnoll hits you but does no damage.
Aim: a gnoll, wielding a rapier (moderately wounded)
The flame tongue hits the gnoll.
You kill the gnoll!
The bat hits you but does no damage. The bat hits you.
You take 1 damage, and have 28/31 hp.
You now have 3/11 mp.
Aim: a bat The flame tongue hits the bat.
The bat appears unharmed.
The bat misses you.
The gnoll hits you from afar with a spear.
You take 4 damage, and have 24/31 hp.
You now have 2/11 mp.
Aim: a bat The flame tongue hits the bat.
The bat barely misses you.
The gnoll hits you from afar with a spear.
The bat closely misses you.
You take 5 damage, and have 19/31 hp.
You now have 1/11 mp.
Unknown command.
Aim: a bat (heavily wounded)
The flame tongue misses the bat.
The bat completely misses you. The gnoll closely misses you.
The bat barely misses you.
You now have 0/11 mp.
Unknown command.
You don't have enough magic to cast that spell.
You don't have enough magic to cast that spell.
The bat hits you but does no damage.
You don't have enough magic to cast that spell.
You don't have enough magic to cast that spell.
You closely miss the bat. The bat closely misses you.
The gnoll hits you but does no damage. The bat closely misses you.
You hit the bat. The bat hits you but does no damage.
The bat barely misses you. The gnoll hits you but does no damage.
You barely miss the bat. The bat closely misses you.
The gnoll barely misses you. The bat closely misses you.
You hit the bat.
You kill the bat!
The gnoll barely misses you. The gnoll closely misses you.
The gnoll barely misses you.
The gnoll hits you from afar with a spear.
You take 4 damage, and have 16/31 hp.
Aim: a gnoll, wielding a spear The flame tongue misses the gnoll.
The gnoll closely misses you.
You now have 0/11 mp.
Unknown command.
Aim: a gnoll, wielding a spear The flame tongue hits the gnoll.
You now have 0/11 mp.
The gnoll barely misses you.
A goblin comes into view. It is wielding a club.
Aim: a gnoll, wielding a spear (lightly wounded)
The flame tongue hits the gnoll.
The goblin shouts!
You now have 0/11 mp.
The gnoll hits you from afar with a spear!
You take 8 damage, and have 10/31 hp.
MASSIVE DAMAGE!!
A quokka comes into view.
The goblin hits you but does no damage.
Unknown command.
You closely miss the goblin. The goblin hits you with a club.
* * * LOW HITPOINT WARNING * * *
The gnoll hits you from afar with a spear.
* * * LOW HITPOINT WARNING * * *
You take 9 damage, and have 1/31 hp.
MASSIVE DAMAGE!!
The goblin hits you with a club.
You die...

.......
########.......#.# ##
.[................ .
###....#.......... .# #
#....#.........##. #
#................ #
###.....########..#.####
........# #........
........########@.......
.............g..g.......
......#.#########.......
......#.##########...#..
..............).# #..# .
..........#####.# ....
... ..........# #.# .#..
... ..........# #b# ....
... #.........# #g. ...


You could see a gnoll and a goblin.

Vanquished Creatures
  An ogre (D:3)
  A gnoll (D:3)
  3 adders
  3 oozes (D:1)
  A dart slug (D:1)
  3 orcs (D:3)
  2 giant cockroaches
  3 goblins
  2 hobgoblins (D:2)
  7 jackals
  5 kobolds
  5 bats
  A giant newt (D:2)
  8 rats
45 creatures vanquished.

Notes
Turn   | Place    | Note
--------------------------------------------------------------
     0 | D:1      | Chaotic the High Elf Fire Elementalist began the quest for the Orb.
     0 | D:1      | Reached XP level 1. HP: 11/11 MP: 4/4
   306 | D:1      | Reached XP level 2. HP: 17/17 MP: 3/6
   936 | D:1      | Reached skill level 2 in Conjurations
  1259 | D:1      | Reached XP level 3. HP: 21/21 MP: 5/8
  1324 | D:2      | Reached skill level 3 in Spellcasting
  2032 | D:2      | Found a glowing silver altar of Zin.
  2110 | D:3      | Found a deep blue altar of Sif Muna.
  2231 | D:3      | Reached XP level 4. HP: 25/27 MP: 3/9
  2513 | D:3      | Noticed an ogre
  2538 | D:3      | Killed an ogre
  2538 | D:3      | Reached skill level 3 in Dodging
  2538 | D:3      | Reached skill level 3 in Conjurations
  2538 | D:3      | Reached XP level 5. HP: 15/31 MP: 2/11
  2805 | D:3      | Learned a level 3 spell: Conjure Flame
  2809 | D:3      | Learned a level 3 spell: Inner Flame
  2875 | D:3      | HP: 5/31 [goblin/club (5)]
  2875 | D:3      | HP: 1/31 [gnoll/spear (4)]
  2876 | D:3      | Slain by a goblin

Skill      XL: |  1  2  3  4 |
---------------+-------------+-----
Conjurations   | 2 3 |  3.1
Spellcasting   | 3 |  3.8
Dodging        | 3 |  3.4
Stealth        | |  2.1
Fire Magic     | |  3.9

Action                   |  1- 3 |  4- 6 || total
-------------------------+-------+-------++-------
Melee: Short sword       |    13 |    11 ||    24
 Cast: Flame Tongue      |    60 |    31 ||    91
       Conjure Flame     |       |     1 ||     1
  Use: Scroll            |     3 |       ||     3
  Eat: Fruit             |     1 |       ||     1
       Meat ration       |     1 |       ||     1
Armor: Robe              |     4 |     8 ||    12
Dodge: Dodged            |    33 |    36 ||    69

Vault maps used:
D:1:      lightli_arrival_statuegarden, patterned_corridor
D:2:      lemuel_upstairs_altar, zin_scriptorium
D:3:      nicolae_overflow_hidden_temple, lemuel_crystal_altar

Table legend:
 A = Turns spent in this place as a percentage of turns spent in the entire game.
 B = Non-inter-level travel turns spent in this place as a percentage of non-inter-level travel turns spent in the entire game.
 C = Inter-level travel turns spent in this place as a percentage of turns spent in this place.
 D = Turns resting spent in this place as a percentage of non-inter-level travel turns spent in this place.
 E = Turns spent auto-exploring this place as a percentage of non-inter-level travel turns spent in this place.
 F = Non-inter-level travel turns spent in this place divided by the number of levels of this place that you've seen.
                   A       B       C       D       E      F
               +-------+-------+-------+-------+-------+----------------------
         Total | 100.0 | 100.0 |   0.0 |   5.5 |   8.9 | 205.3
       Dungeon | 100.0 | 100.0 |   0.0 |   5.5 |   8.9 | 205.3
               +-------+-------+-------+-------+-------+----------------------

Table legend:
 A = Kills in this place as a percentage of kills in entire the game.
 B = Kills by you in this place as a percentage of kills by you in the entire game.
 C = Kills by friends in this place as a percentage of kills by friends in the entire game.
 D = Other kills in this place as a percentage of other kills in the entire game.
 E = Experience gained in this place as a percentage of experience gained in the entire game.
 F = Experience gained in this place divided by the number of levels of this place that you have seen.
                   A       B       C       D       E      F
               +-------+-------+-------+-------+-------+----------------------
         Total | 100.0 | 100.0 |  -nan |  -nan | 100.0 |  87.0
       Dungeon | 100.0 | 100.0 |  -nan |  -nan | 100.0 |  87.0
               +-------+-------+-------+-------+-------+----------------------
